Map: Acid Plant LE

Players

BIRIBA

  • Race: Zerg Zerg
  • League: Silver
  • Spawn Location: 5:00

Wacanda - Winner!

  • Race: Protoss Protoss
  • Spawn Location: 11:00

VOD

Have the link to the VOD?

Description

Time

  • Played on: Sept. 8, 2018, 1:31 p.m.
  • Length: 16:08
Show
View Real Time Build Order
Export as new Build Order

BIRIBA Zerg 

Build Orders: Pool First, Zergling Baneling 

Get SALT Encoding   

  12  0:02  Drone  
  13  0:09  Drone  
  14  0:18  Overlord  
  14  0:35  Spawning Pool  
  13  0:38  Drone  
  13  0:41  Drone  
  15  0:47  Drone  
  16  0:58  Extractor  
  16  0:59  Drone  
  16  1:00  Drone  
  17  1:11  Drone  
  18  1:23  Queen  
  18  1:24  Drone  
  21  1:35  Overlord  
  21  1:49  Drone  
  21  1:51  Hatchery  
  21  2:05  Zergling x4  
  23  2:12  Metabolic Boost  
  23  2:36  Zergling x10  
  28  2:53  Baneling Nest  
  28  2:55  Extractor  
  26  3:01  Zergling x4  
  26  3:03  Queen  
  30  3:07  Drone  
  30  3:33  Zergling x12  
  32  3:54  Zergling x2  
  32  3:55  Zergling x6  
  36  4:11  Overlord x3  
  36  4:28  Baneling x5  
  36  4:33  Baneling x3  
  36  4:36  Zergling x2  
  36  4:37  Zergling x14  
  44  4:44  Drone x2  
  46  4:47  Drone x2  
  46  4:48  Drone  
  36  5:20  Extractor  
  35  5:22  Zergling x2  
  35  5:23  Zergling x18  
  45  5:52  Zergling x10  
  50  6:08  Drone x6  
  56  6:13  Baneling  
  56  6:14  Baneling x9  
  56  6:15  Baneling x2  
  56  6:21  Zergling x2  
  56  6:22  Zergling x2  
  33  7:08  Zergling x2  
  33  7:09  Zergling x22  
  44  7:33  Hatchery  
  44  7:34  Lair  
  43  7:38  Zergling x2  
  43  7:39  Zergling x6  
  48  7:51  Drone x4  
  48  7:52  Drone x2  
  48  7:55  Zergling x2  
  54  8:06  Zergling x4  
  54  8:11  Baneling x6  
  54  8:12  Baneling x3  
  56  8:17  Zergling x2  
  56  8:18  Zergling x4  
  44  8:51  Zergling x2  
  44  8:52  Zergling x10  
  46  9:00  Queen  
  48  9:16  Drone x4  
  52  9:21  Zergling x8  
  56  9:24  Overlord  
  56  9:35  Roach Warren  
  55  9:42  Zergling x2  
  55  9:43  Zergling x12  
  62  9:58  Zergling x12  
  62  9:59  Spire  
  67  10:06  Baneling x9  
  67  10:07  Baneling x4  
  67  10:13  Zergling x14  
  74  10:17  Overlord  
  74  10:19  Overlord  
  48  11:00  Drone x4  
  48  11:01  Drone  
  53  11:14  Overseer  
  53  11:16  Overseer  
  53  11:18  Spore Crawler  
  53  11:22  Spore Crawler  
  51  11:27  Zerg Flyer Weapons Level 1  
  51  11:28  Mutalisk x12  
  75  11:53  Mutalisk x5  
  75  11:54  Mutalisk x2  
  67  12:19  Corruptor  
  67  12:20  Corruptor  
  69  12:25  Queen  
  69  12:27  Queen  
  69  12:29  Queen  
  53  13:01  Queen  
  53  13:03  Queen  
  53  13:05  Queen  
  52  13:22  Zergling x2  
  52  13:23  Corruptor x5  
  56  13:34  Mutalisk  
  57  13:48  Zergling x18  
  52  14:12  Mutalisk  
  52  14:13  Mutalisk  
  49  14:18  Queen  
  49  14:20  Queen  
  49  14:26  Mutalisk  
  49  14:27  Roach  
  31  15:06  Mutalisk  
  31  15:07  Mutalisk  
  30  15:19  Queen  
  30  15:26  Extractor, Queen  
  31  15:28  Extractor, Queen  
  26  15:54  Hydralisk Den  
Show
View Real Time Build Order
Export as new Build Order

Wacanda Protoss - Winner!

Build Orders:  

Get SALT Encoding   

  12  0:23  Pylon  
  12  0:39  Probe  
  13  0:49  Probe  
  13  0:51  Forge  
  14  0:57  Probe  
  15  1:06  Probe, Pylon  
  16  1:18  Probe  
  17  1:22  Gateway  
  17  1:27  Photon Cannon  
  17  1:37  Assimilator  
  17  1:41  Assimilator  
  17  1:55  Photon Cannon  
  17  2:02  Pylon  
  17  2:13  Photon Cannon  
  17  2:14  Probe  
  17  2:22  Probe  
  19  2:30  Probe  
  20  2:47  Cybernetics Core  
  20  3:03  Photon Cannon  
  20  3:08  Probe  
  21  3:17  Probe  
  21  3:26  Probe  
  23  3:38  Probe  
  24  3:55  Photon Cannon  
  24  3:56  Photon Cannon  
  24  4:01  Shield Battery  
  24  4:12  Stargate  
  24  4:15  Pylon  
  24  4:48  Stargate  
  24  4:52  Stalker  
  26  5:22  Stalker  
  26  5:23  Photon Cannon  
  26  5:27  Nexus  
  28  5:31  Shield Battery  
  28  5:47  Fleet Beacon  
  28  5:51  Pylon  
  28  5:52  Stalker  
  30  6:02  Pylon  
  30  6:12  Photon Cannon  
  30  6:23  Pylon  
  30  6:28  Pylon  
  30  6:38  Photon Cannon  
  19  7:13  Probe  
  20  7:25  Probe  
  21  7:31  Forge  
  21  7:35  Probe  
  21  7:43  Probe  
  23  7:52  Probe  
  23  7:58  Probe  
  24  8:03  Probe  
  26  8:06  Probe  
  27  8:14  Probe  
  27  8:15  Probe  
  29  8:23  Pylon  
  29  8:24  Probe  
  30  8:36  Probe  
  27  8:50  Carrier  
  33  9:11  Gateway  
  33  9:15  Gateway  
  33  9:19  Probe  
  34  9:24  Assimilator  
  34  9:29  Assimilator  
  35  9:31  Probe  
  35  9:40  Carrier  
  35  9:43  Probe  
  42  9:54  Stargate  
  42  9:55  Probe  
  42  9:58  Protoss Air Weapons Level 1  
  43  10:07  Probe x2  
  45  10:19  Probe  
  46  10:31  Probe  
  36  10:43  Probe  
  36  10:55  Probe  
  37  11:03  Stalker  
  39  11:33  Stalker, Nexus  
  39  11:36  Carrier  
  47  11:45  Probe  
  48  11:57  Probe  
  45  12:09  Probe  
  44  12:39  Carrier  
  50  12:45  Probe  
  51  12:58  Probe  
  52  13:10  Probe  
  53  13:16  Carrier  
  59  13:22  Probe  
  54  13:34  Probe  
  54  13:40  Carrier  
  51  14:38  Gateway  
  51  14:40  Gateway  
  51  14:43  Gateway  
  51  14:48  Void Ray x2  
  59  14:53  Probe  
  59  14:57  Probe  
  61  15:05  Probe  
  62  15:09  Probe  
  63  15:18  Probe  
  64  15:21  Probe  
  65  15:30  Probe  
  65  15:31  Stalker x2  
  65  15:32  Stalker  
  72  15:42  Probe  
  73  15:52  Probe  
Tags
 
League
Silver
Matchup
PvZ
Opening
Pool First
Spawn Locations
Cross Positions
Add a new tag
Caveats
  • Supply blocks, unpowered buildings, or Contaminate may cause inaccurate times.
  • Supply counts are checked every 10 seconds.